 Dungeon Crawl Stone Soup version 0.18.1-8-gdd0e5ea (webtiles) character file.

555 nikopol the Skirmisher (level 7, -4/62 HPs)
             Began as a Minotaur Berserker on June 11, 2016.
             Was a Priest of Trog.
             Slain by a mummy (17 damage)
             ... in an ossuary.
             The game lasted 00:09:28 (2751 turns).

nikopol the Skirmisher (Minotaur Berserker)         Turns: 2751, Time: 00:09:29

Health: -4/62      AC:  3    Str: 21    XL:     7   Next: 8%
Magic:  15/15      EV: 13    Int:  4    God:    Trog [***...]
Gold:   165        SH:  0    Dex: 12    Spells: 0 memorised, 6 levels left

rFire  + . .     SeeInvis .     a - +0 spear
rCold  . . .     Gourm    .     d - +0 leather armour {rF+}
rNeg   . . .     Faith    .     (no shield)
rPois  .         Spirit   .     (helmet restricted)
rElec  .         Dismiss  .     (no cloak)
rCorr  .         Reflect  .     (no gloves)
SustAt .         Harm     .     (no boots)
MR     .....                    (no amulet)
Stlth  ..........               z - ring of magical power
                                s - ring of loudness (curse)

@: exhausted, slowed, very slow, not resistant to hostile enchantments,
extremely unstealthy
A: retaliatory headbutt, horns 2
a: Berserk, Trog's Hand, Burn Spellbooks, Renounce Religion


You were in an ossuary.
You worshipped Trog.
Trog was most pleased with you.
You were hungry.

You visited 1 branch of the dungeon, and saw 4 of its levels.
You also visited: Ossuary.

You collected 165 gold pieces.

Inventory:

Hand Weapons
 a - a +0 spear (weapon)
Missiles
 h - 41 arrows (quivered)
Armour
 b - a +0 animal skin
 d - a +0 leather armour of fire resistance (worn)
Jewellery
 s - a cursed ring of loudness (left hand)
 z - a ring of magical power (right hand)
Wands
 u - a wand of iceblast (3/15)
Scrolls
 e - 5 scrolls of identify
 i - a scroll of teleportation
 k - 3 scrolls of recharging {unknown}
 l - a scroll of noise {unknown}
 q - 3 scrolls of remove curse {unknown}
 t - 2 scrolls of fear {unknown}
 y - a scroll of magic mapping {unknown}
Potions
 f - a potion of agility {unknown}
 g - a potion of lignification {unknown}
 m - 2 potions of curing
 p - a potion of mutation {unknown}
 r - a potion of might {unknown}
 v - a potion of flight {unknown}
Comestibles
 c - 3 bread rations
 n - a beef jerky
 o - 2 meat rations
 w - a royal jelly


   Skills:
 + Level 5.7 Fighting
 + Level 5.6 Polearms
 + Level 5.1 Armour
 + Level 4.7 Dodging


You had 6 spell levels left.
You didn't know any spells.

Dungeon Overview and Level Annotations

Branches:
Dungeon (4/15)
 Temple: D:4-7

Altars:
Trog

Shops:
D:4 (


Innate Abilities, Weirdness & Mutations

You reflexively headbutt those who attack you in melee.
You have a pair of horns on your head.


Message History

Attack whom?
Press: ? - help, Dir - move target cursor, f/p - mummy
Aim: a mummy (lightly damaged)
You hit the mummy but do no damage.
The mummy is lightly damaged.
The mummy hits you!
* * * LOW HITPOINT WARNING * * *
Attack whom?
Press: ? - help, Dir - move target cursor, f/p - mummy
Aim: a mummy (lightly damaged)
You barely miss the mummy.
The mummy is lightly damaged.
The mummy misses you.
Attack whom?
Press: ? - help, Dir - move target cursor, f/p - mummy
Aim: a mummy (lightly damaged)
You hit the mummy but do no damage. Your headbutt misses the mummy.
The mummy is lightly damaged.
The mummy hits you!
You die...

..# #...#
..# #...#
#'# #'###
^.# #^^^#
^^# #^^.#
^^# #^^^#
^^# #^^^#
'## ###+#
.^# #@..#
^^##### ###
#MM.#
..#...#!???#
#...#
..'.∩.#?$$?+
.'...#
..#...#!?!!#
..#...#
#######
###########


You could see 2 mummies.

Vanquished Creatures
  2 eyes of draining (D:3)
  3 water moccasin zombies (Ossuary)
  An orc wizard (D:3)
  4 big kobold zombies (Ossuary)
  An adder (D:3)
  An ooze (D:3)
  5 adder zombies (Ossuary)
  A dart slug (D:1)
  2 giant geckos (D:3)
  11 orcs (D:3)
  6 bats
  A giant cockroach (D:1)
  6 goblins
  6 hobgoblins
  3 jackals (D:1)
  8 kobolds
  A quokka (D:2)
  7 giant newts
  3 hobgoblin zombies (Ossuary)
  3 kobold zombies (Ossuary)
  7 orc zombies (Ossuary)
  8 rats
90 creatures vanquished.

Notes
Turn   | Place    | Note
--------------------------------------------------------------
     0 | D:1      | nikopol the Minotaur Berserker began the quest for the Orb.
     0 | D:1      | Reached XP level 1. HP: 19/19 MP: 0/0
   309 | D:1      | Reached XP level 2. HP: 26/27 MP: 1/1
   835 | D:2      | Reached XP level 3. HP: 24/33 MP: 2/2
   902 | D:2      | Reached ** piety under Trog
  1533 | D:3      | Reached XP level 4. HP: 14/40 MP: 3/3
  2021 | D:3      | Found a bloodstained altar of Trog.
  2021 | D:3      | Noticed an eye of draining
  2029 | D:3      | Noticed an eye of draining
  2045 | D:3      | Killed an eye of draining
  2045 | D:3      | Reached XP level 5. HP: 47/47 MP: 0/4
  2049 | D:3      | Killed an eye of draining
  2049 | D:3      | Reached skill level 5 in Polearms
  2049 | D:3      | Reached XP level 6. HP: 55/55 MP: 1/5
  2182 | D:3      | Reached *** piety under Trog
  2362 | D:4      | Found Fenosust's Weapon Boutique.
  2384 | D:4      | Found a sand-covered staircase.
  2395 | Ossuary  | Entered an ossuary
  2430 | Ossuary  | Reached skill level 5 in Fighting
  2660 | Ossuary  | Reached skill level 5 in Armour
  2725 | Ossuary  | Reached XP level 7. HP: 23/61 MP: 6/6
  2751 | Ossuary  | Slain by a mummy

Skill      XL: |  1  2  3  4  5  6 |
---------------+-------------------+-----
Armour         | 3 4 5 |  5.1
Polearms       | 4 5 |  5.6
Dodging        | 3 4 |  4.7
Fighting       | 4 5 |  5.7

Action                   |  1- 3 |  4- 6 |  7- 9 || total
-------------------------+-------+-------+-------++-------
Melee: Spear             |   132 |   174 |    18 ||   324
       Headbutt          |    14 |    37 |     1 ||    52
Invok: Berserk           |       |     1 |     1 ||     2
  Use: Scroll            |       |     2 |       ||     2
  Eat: Chunk             |     2 |     4 |       ||     6
       Pizza             |       |       |     1 ||     1
Armor: Leather armour    |    21 |    13 |       ||    34
Dodge: Dodged            |    44 |    53 |     6 ||   103
